 Dungeon Crawl Stone Soup version 0.26-a0-651-gb41185065b (webtiles) character file.

13 dracos369 the Gusty (level 2, 15/15 HPs)
             Began as a Tengu Air Elementalist on Apr 28, 2018.
             Quit the game on level 1 of the Dungeon on Sept 29, 2020.
             The game lasted 00:06:32 (477 turns).

dracos369 the Gusty (Tengu Air Elementalist)         Turns: 477, Time: 00:06:33

Health: 15/15      AC:  2    Str:  8    XL:     2   Next: 37%
Magic:  6/6        EV: 12    Int: 15    God:
Gold:   28         SH:  0    Dex: 14    Spells: 4/5 levels left

rFire    . . .     SeeInvis .   (no weapon)
rCold    . . .     Faith    .   (no shield)
rNeg     . . .     Spirit   .   a - +0 robe
rPois    .         Reflect  .   (helmet restricted)
rElec    .         Harm     .   (no cloak)
rCorr    .         Rampage  .   (no gloves)
MR       .....                  (boots unavailable)
Stlth    ++........             (no amulet)
HPRegen  0.05/turn              (no ring)
MPRegen  0.10/turn              (no ring)

@: no status effects
A: beak, talons 3
a: no special abilities


You were on level 1 of the Dungeon.
You visited 1 branch of the dungeon, and saw 1 of its levels.

You collected 28 gold pieces.

Inventory:

Armour
 a - a +0 robe (worn)
Scrolls
 e - a scroll of identify {unknown}
Potions
 d - 2 potions of curing {unknown}
Comestibles
 b - 5 removed foods
 c - 2 removed foods


   Skills:
 - Level 2.1 Dodging
 - Level 2.0 Stealth
 - Level 2.0 Spellcasting
 + Level 2.4 Conjurations
 + Level 4.5 Air Magic


You had 4 spell levels left.
You knew the following spells:

 Your Spells              Type           Power        Failure   Level
a - Shock                 Conj/Air       ##..         5%          1

Your spell library contained the following spells:

 Spells                   Type           Power        Failure   Level
 Swiftness                Air            ###.....     5%          2
 Static Discharge         Conj/Air       ##......     16%         3
 Airstrike                Air            ###.......   34%         4
 Lightning Bolt           Conj/Air       ##........   83%         5


Dungeon Overview and Level Annotations

Branches:
Dungeon (1/15)

Altars:


Innate Abilities, Weirdness & Mutations

You have a beak for a mouth.
You have claws for feet.


Message History

Casting: Shock (safe; 5% risk of failure)
Confirm with . or Enter, or press ? or * to list all spells.
Aiming: Shock (safe; 5% risk of failure)
Press: ? - help, Shift-Dir - straight line, f/p - rat
Aim: a rat (severely wounded)
The zap hits the rat.
You kill the rat!
Found 6 gold pieces.
You see here a rat corpse.
You butcher the rat corpse.
b - 5 chunks of flesh (gained 1)
You start resting.
Magic restored.
Saving game... please wait.
Welcome back, dracos369 the Tengu Air Elementalist.
Press ? for a list of commands and other information.
Quiver which item? (- for none, * to show all) (? for menu, Esc to quit)
Okay, then.
Autopickup is now off.
Are you sure you want to abandon this character and quit the game? (Confirm with "yes".)

########### ##.........#
...........###############
..........................
.........@.###########....
...........##.....####....
....$.........#'#....#....
...######..####.####......
.. ..##..#.#..##..... .
####.#.#.#.#.#.....
#..#...#..#.....
####.....####.###
+.....<.....+...#


There were no monsters in sight!

Vanquished Creatures
  A leopard gecko (D:1)
  A bat (D:1)
  3 giant cockroaches (D:1)
  A goblin (D:1)
  A frilled lizard (D:1)
  A kobold (D:1)
  4 rats (D:1)
12 creatures vanquished.

Notes
Turn   | Place    | Note
-------+----------+-------------------------------------------
     0 | D:1      | dracos369 the Tengu Air Elementalist began the quest for
                  | the Orb.
     0 | D:1      | Reached XP level 1. HP: 10/10 MP: 4/4
   171 | D:1      | Reached XP level 2. HP: 15/15 MP: 1/6
   303 | D:1      | Upgraded the game from 0.22-a0-379-ga9d99d6 to
                  | 0.22-a0-389-g8519d86
   477 | D:1      | Quit the game

Illustrated notes

Levels and vault maps discovered:
D:1:      nzn_arrival_crosshair, minmay_pentomino_x2

Skill      XL: |  1 |
---------------+----+-----
Conjurations   | 2 |  2.4
Dodging        | |  2.1
Stealth        | |  2.0
Spellcasting   | |  2.0
Air Magic      | |  4.5

Action                   || total
-------------------------++-------
Melee: Unarmed           ||     2
       Peck              ||     1
 Cast: Shock             ||    23
Armor: Robe              ||     1
Dodge: Dodged            ||     2

Table legend: (Time is in decaauts)
 A = Elapsed time spent in this place.
 B = Non-inter-level travel time spent in this place.
 C = Inter-level travel time spent in this place.
 D = Time resting spent in this place.
 E = Time spent auto-exploring this place.
 F = Levels seen in this place.
 G = Mean time per level.
                   A        B        C        D        E       F      G
               +--------+--------+--------+--------+--------+-----+--------+
         Total |    477 |    477 |      0 |     77 |    289 |   1 |  477.0 |
       Dungeon |    477 |    477 |      0 |     77 |    289 |   1 |  477.0 |
               +--------+--------+--------+--------+--------+-----+--------+
